 Dungeon Crawl Stone Soup version 0.31-a0-128-g25add195a6 (webtiles) character file.

Game seed: 12493827245536037510

8 voltaire321 the Caller (level 2, 0/16 HPs)
             Began as a Tengu Summoner on June 1, 2023.
             Slain by a quokka (5 damage)
             ... on level 1 of the Dungeon.
             The game lasted 00:01:00 (276 turns).

voltaire321 the Caller (Tengu Summoner)              Turns: 276, Time: 00:01:01

Health: 0/16       AC:  2    Str:  8    XL:     2   Next: 8%
Magic:  3/6        EV: 12    Int: 15    God:
Gold:   63         SH:  5    Dex: 14    Spells: 4/5 levels left

rFire   . . .        g - +0 spear
rCold   . . .        (no shield)
rNeg    . . .        a - +0 robe
rPois   .            (helmet restricted)
rElec   .            (no cloak)
rCorr   .            (no gloves)
SInv    .            (boots unavailable)
Will    .....        d - amulet of reflection
Stlth   ++           (no ring)
HPRegen 0.22/turn    (no ring)
MPRegen 0.10/turn

%: reflection
@: no status effects
A: beak, talons 3
a: no special abilities


You were on level 1 of the Dungeon.
You visited 1 branch of the dungeon, and saw 1 of its levels.

You collected 63 gold pieces.

Inventory:

Hand Weapons
 g - a +0 spear (weapon)
Armour
 a - a +0 robe (worn)
Jewellery
 d - an amulet of reflection (around neck)
Scrolls
 c - a scroll of torment {unknown}
 e - a scroll of brand weapon {unknown}
Potions
 b - a potion of magic
 f - 3 potions of curing {unknown}


   Skills:
 + Level 0.4 Fighting
 + Level 0.4 Armour
 + Level 2.3 Dodging
 - Level 2.0 Stealth
 + Level 2.0 Spellcasting
 * Level 5.0 Summonings


You had 4 spell levels left.
You knew the following spells:

 Your Spells              Type           Power      Damage    Failure   Level
a - Summon Small Mammal   Summ           64%        N/A       2%          1

Your spell library contained the following spells:

 Spells                   Type           Power      Damage    Failure   Level
 Call Imp                 Summ           32%        N/A       4%          2
 Call Canine Familiar     Summ           16%        N/A       9%          3
 Summon Guardian Golem    Hex/Summ       9%         N/A       24%         3
 Summon Lightning Spire   Summ/Air       9%         N/A       61%         4


Dungeon Overview and Level Annotations

Branches:
Dungeon (1/15)

Altars:


Innate Abilities, Weirdness & Mutations

You have a beak for a mouth.
You have claws for feet.


Message History

Your quokka dies!
Your quokka's corpse disappears in a puff of smoke!
Things that are here:
a +0 dagger; a goblin corpse You barely miss the kobold.
A bat comes into view.
The kobold hits you with a +0 short sword.
You barely miss the kobold. You peck the kobold.
The kobold is severely wounded.
The kobold hits you but does no damage.
The kobold hits you with a +0 short sword.
You barely miss the kobold. Your kick misses the kobold.
Your peck misses the kobold.
The kobold is severely wounded.
The kobold hits you with a +0 short sword.
You hit the kobold but do no damage. You claw the kobold.
You kill the kobold!
The quokka bites you.
* * * LOW HITPOINT WARNING * * *
Casting: Summon Small Mammal (safe; 2% risk of failure)
Press: ? - help, Q - select action Dir - look around, f - activate You block the quokka's attack.
You are too injured to fight recklessly!
You are too injured to fight recklessly!
You are too injured to fight recklessly!
You are too injured to fight recklessly!
You miss the quokka.
Your bat barely misses the quokka.
The quokka closely misses you.
You closely miss the quokka. You peck the quokka.
The quokka is heavily wounded.
Your bat misses the quokka.
Your bat closely misses the quokka.
The quokka barely misses you. You block the quokka's attack.
Casting: Summon Small Mammal (safe; 2% risk of failure)
Press: ? - help, Q - select action Dir - look around, f - activate Your bat misses the quokka.
You block the quokka's attack.
You hit the quokka but do no damage. Your peck misses the quokka.
The quokka is moderately wounded.
Your bat closely misses the quokka.
Your bat barely misses the quokka.
The quokka bites you.
You die...

###### ....##
#########
#..#######........
#####.#........#######
#...b@b#########
#.###r## #b# ## .r# #.
#..# #. #... ...# ...#
.....


You could see 2 quokkas, a bat and 2 friendly bats.

Vanquished Creatures
  A dart slug (D:1)
  A bat (D:1)
  A goblin (D:1)
  2 kobolds (D:1)
  A rat (D:1)
6 creatures vanquished.

Notes
Turn   | Place    | Note
-------+----------+-------------------------------------------
     0 | D:1      | voltaire321 the Tengu Summoner began the quest for the Orb.
     0 | D:1      | Reached XP level 1. HP: 10/10 MP: 4/4
   266 | D:1      | Reached skill level 5 in Summonings
   266 | D:1      | Reached XP level 2. HP: 16/16 MP: 4/6
   276 | D:1      | Slain by a quokka

Illustrated notes

Levels and vault maps discovered:
D:1:      wander_arrival_desolate, layout_loops_ring, minmay_domino_4

Skill      XL: |  1 |
---------------+----+-----
Summonings     | 5 |  5.0
Fighting       | |  0.4
Armour         | |  0.4
Dodging        | |  2.3
Stealth        | |  2.0
Spellcasting   | |  2.0

Action                     || total
---------------------------++-------
  Melee: Unarmed           ||    19
         Kick              ||     9
         Spear             ||    10
         Peck              ||     3
   Cast: Summon Small Mamm ||     4
   Stab: Sleeping          ||     1
 Armour: Robe              ||     6
  Dodge: Dodged            ||    14
  Block: Other             ||    12
         Reflection        ||     1

Table legend: (Time is in decaauts)
 A = Elapsed time spent in this place.
 B = Non-inter-level travel time spent in this place.
 C = Inter-level travel time spent in this place.
 D = Time resting spent in this place.
 E = Time spent auto-exploring this place.
 F = Levels seen in this place.
 G = Mean time per level.
                   A        B        C        D        E       F      G
               +--------+--------+--------+--------+--------+-----+--------+
         Total |    276 |    276 |      0 |      0 |    152 |   1 |  276.0 |
       Dungeon |    276 |    276 |      0 |      0 |    152 |   1 |  276.0 |
               +--------+--------+--------+--------+--------+-----+--------+

Top non-repeatable levels by time:
     D:1: 276 daAuts
